Unix NetHack Version 3.7.0-65 Work-in-progress - last build Oct 10 2022 05:34:18 (2afc5cfc90f7ecdc2856d9919a2295b875398e55,branch:master).

Game began 2022-10-15 07:35:31, ended 2022-10-15 08:28:39.

rustyspoon, neutral female gnomish Healer

  
stone
stone
stone
stone
stone
stone
stone
stone
stone
stone
stone
stone
stone
stone
stone
stone
stone
stone
stone
stone
stone
stone
stone
stone
stone
stone
stone
stone
stone
stone
stone
stone
stone
stone
stone
stone
stone
stone
stone
stone
stone
stone
stone
stone
stone
stone
stone
stone
stone
stone
stone
stone
stone
stone
stone
stone
stone
stone
stone
stone
stone
stone
stone
stone
stone
stone
stone
stone
stone
stone
stone
stone
stone
stone
stone
stone
stone
stone
stone
stone
stone
stone
stone
stone
stone
stone
stone
stone
stone
stone
stone
stone
stone
stone
stone
stone
stone
stone
stone
stone
stone
stone
stone
stone
stone
stone
stone
stone
stone
stone
stone
stone
stone
stone
stone
stone
stone
stone
stone
stone
stone
stone
stone
stone
stone
stone
stone
stone
stone
stone
stone
stone
stone
stone
stone
stone
stone
stone
stone
stone
stone
stone
stone
stone
stone
stone
stone
stone
stone
stone
stone
stone
stone
stone
stone
stone
stone
stone
stone
stone
stone
stone
stone
stone
stone
stone
stone
stone
stone
stone
stone
stone
stone
stone
stone
stone
stone
stone
stone
stone
stone
stone
stone
stone
stone
stone
stone
stone
stone
stone
stone
stone
stone
stone
stone
stone
stone
stone
stone
stone
stone
stone
stone
stone
stone
stone
stone
stone
stone
stone
stone
stone
stone
stone
stone
stone
stone
stone
stone
stone
stone
stone
stone
stone
stone
stone
stone
stone
stone
stone
stone
stone
stone
stone
stone
stone
stone
stone
stone
stone
stone
stone
stone
stone
stone
stone
stone
stone
stone
stone
stone
stone
stone
stone
stone
stone
stone
stone
stone
stone
stone
stone
stone
stone
stone
stone
stone
stone
stone
stone
stone
stone
stone
stone
stone
stone
stone
stone
stone
stone
stone
stone
stone
stone
stone
stone
stone
stone
stone
stone
stone
stone
stone
stone
stone
stone
stone
stone
stone
stone
stone
stone
stone
stone
stone
stone
stone
stone
stone
stone
stone
stone
stone
stone
stone
stone
stone
stone
stone
stone
stone
stone
stone
stone
stone
stone
stone
stone
stone
stone
stone
stone
stone
stone
stone
stone
stone
stone
stone
stone
stone
stone
stone
stone
stone
stone
stone
stone
stone
stone
stone
stone
stone
stone
stone
stone
stone
stone
stone
stone
stone
stone
stone
stone
stone
stone
stone
stone
stone
stone
stone
stone
stone
stone
stone
stone
stone
stone
stone
stone
stone
stone
stone
stone
stone
stone
stone
stone
stone
stone
stone
stone
stone
stone
stone
stone
stone
stone
stone
stone
stone
stone
stone
stone
stone
stone
stone
stone
stone
stone
stone
stone
stone
stone
stone
stone
stone
stone
stone
wall
wall
wall
wall
wall
wall
wall
wall
wall
wall
wall
stone
stone
stone
stone
stone
stone
stone
wall
wall
wall
wall
wall
wall
wall
wall
wall
wall
wall
stone
stone
stone
stone
stone
stone
stone
stone
stone
stone
stone
stone
stone
stone
stone
stone
stone
stone
stone
stone
stone
stone
stone
stone
stone
stone
stone
stone
stone
stone
stone
stone
stone
stone
stone
stone
stone
stone
stone
stone
stone
stone
stone
stone
stone
stone
stone
stone
stone
stone
wall
.dark part of a room
.dark part of a room
.dark part of a room
.dark part of a room
.dark part of a room
.dark part of a room
.dark part of a room
.dark part of a room
.dark part of a room
wall
stone
stone
stone
stone
stone
wall
wall
wall
.dark part of a room
.dark part of a room
.dark part of a room
.dark part of a room
wall
.dark part of a room
.dark part of a room
.dark part of a room
.dark part of a room
wall
stone
stone
stone
stone
stone
stone
stone
stone
stone
stone
stone
stone
stone
stone
stone
stone
stone
stone
stone
stone
stone
stone
stone
stone
stone
stone
stone
stone
stone
stone
stone
stone
stone
stone
stone
stone
stone
stone
stone
stone
stone
stone
stone
stone
stone
stone
stone
stone
stone
stone
wall
.dark part of a room
.dark part of a room
.dark part of a room
.dark part of a room
.dark part of a room
.dark part of a room
.dark part of a room
.dark part of a room
.dark part of a room
wall
stone
stone
stone
stone
stone
wall
>staircase down
.dark part of a room
.dark part of a room
.dark part of a room
0a boulder
0a boulder
wall
0a boulder
0a boulder
%a food ration
.dark part of a room
wall
stone
stone
stone
stone
stone
stone
stone
stone
stone
stone
stone
stone
stone
stone
stone
stone
stone
stone
stone
stone
stone
stone
stone
stone
stone
stone
stone
stone
stone
stone
stone
stone
stone
stone
stone
stone
stone
stone
stone
stone
stone
stone
stone
stone
stone
stone
stone
stone
stone
stone
wall
.dark part of a room
.dark part of a room
.dark part of a room
.dark part of a room
.dark part of a room
.dark part of a room
.dark part of a room
.dark part of a room
.dark part of a room
wall
stone
stone
stone
stone
stone
wall
wall
wall
.dark part of a room
.dark part of a room
.dark part of a room
.dark part of a room
.dark part of a room
.dark part of a room
.dark part of a room
0a boulder
.floor of a room
wall
stone
stone
stone
stone
stone
stone
stone
stone
stone
stone
stone
stone
stone
stone
stone
stone
stone
stone
stone
stone
stone
stone
stone
stone
stone
stone
stone
stone
stone
stone
stone
stone
stone
stone
stone
stone
stone
stone
stone
stone
stone
stone
stone
stone
stone
stone
stone
stone
stone
stone
wall
.dark part of a room
.dark part of a room
.dark part of a room
.dark part of a room
<staircase up
.dark part of a room
.dark part of a room
.dark part of a room
.dark part of a room
wall
stone
stone
stone
stone
stone
stone
stone
wall
.dark part of a room
.dark part of a room
.dark part of a room
.dark part of a room
wall
.dark part of a room
.dark part of a room
.dark part of a room
.floor of a room
wall
stone
stone
stone
stone
stone
stone
stone
stone
stone
stone
stone
stone
stone
stone
stone
stone
stone
stone
stone
stone
stone
stone
stone
stone
stone
stone
stone
stone
stone
stone
stone
stone
stone
stone
stone
stone
stone
stone
stone
stone
stone
stone
stone
stone
stone
stone
stone
stone
stone
stone
wall
.dark part of a room
.dark part of a room
.dark part of a room
.dark part of a room
.dark part of a room
.dark part of a room
.dark part of a room
.dark part of a room
.dark part of a room
wall
stone
stone
stone
stone
stone
stone
wall
wall
wall
wall
wall
wall
wall
wall
wall
.floor of a room
wall
wall
stone
stone
stone
stone
stone
stone
stone
stone
stone
stone
stone
stone
stone
stone
stone
stone
stone
stone
stone
stone
stone
stone
stone
stone
stone
stone
stone
stone
stone
stone
stone
stone
stone
stone
stone
stone
stone
stone
stone
stone
stone
stone
stone
stone
stone
stone
stone
stone
stone
stone
wall
.dark part of a room
.dark part of a room
.dark part of a room
.dark part of a room
.dark part of a room
.dark part of a room
.dark part of a room
.dark part of a room
.dark part of a room
wall
stone
stone
stone
stone
stone
stone
wall
.dark part of a room
.dark part of a room
.dark part of a room
.dark part of a room
.dark part of a room
wall
.floor of a room
.floor of a room
.floor of a room
0a boulder
wall
stone
stone
stone
stone
stone
stone
stone
stone
stone
stone
stone
stone
stone
stone
stone
stone
stone
stone
stone
stone
stone
stone
stone
stone
stone
stone
stone
stone
stone
stone
stone
stone
stone
stone
stone
stone
stone
stone
stone
stone
stone
stone
stone
stone
stone
stone
stone
stone
stone
stone
wall
.dark part of a room
.dark part of a room
.dark part of a room
.dark part of a room
.dark part of a room
.dark part of a room
.dark part of a room
.dark part of a room
.dark part of a room
wall
stone
stone
stone
stone
stone
stone
wall
.dark part of a room
.dark part of a room
.dark part of a room
.dark part of a room
0a boulder
wall
.floor of a room
0a boulder
.dark part of a room
.dark part of a room
wall
stone
stone
stone
stone
stone
stone
stone
stone
stone
stone
stone
stone
stone
stone
stone
stone
stone
stone
stone
stone
stone
stone
stone
stone
stone
stone
stone
stone
stone
stone
stone
stone
stone
stone
stone
stone
stone
stone
stone
stone
stone
stone
stone
stone
stone
stone
stone
stone
stone
stone
wall
.dark part of a room
.dark part of a room
.dark part of a room
.dark part of a room
.dark part of a room
.dark part of a room
.dark part of a room
.dark part of a room
.dark part of a room
wall
stone
stone
stone
stone
stone
stone
wall
.dark part of a room
.dark part of a room
.dark part of a room
.dark part of a room
.dark part of a room
0a boulder
dtame dog, can't move (paralyzed or sleeping or busy)
ublack unicorn
.floor of a room
.dark part of a room
wall
stone
stone
stone
stone
stone
stone
stone
stone
stone
stone
stone
stone
stone
stone
stone
stone
stone
stone
stone
stone
stone
stone
stone
stone
stone
stone
stone
stone
stone
stone
stone
stone
stone
stone
stone
stone
stone
stone
stone
stone
stone
stone
stone
stone
stone
stone
stone
stone
stone
stone
wall
+closed door
wall
wall
wall
wall
wall
wall
wall
wall
wall
wall
wall
wall
wall
wall
wall
wall
.dark part of a room
.dark part of a room
.dark part of a room
.dark part of a room
.dark part of a room
wall
0a boulder
0a boulder
0a boulder
.dark part of a room
wall
stone
stone
stone
stone
stone
stone
stone
stone
stone
stone
stone
stone
stone
stone
stone
stone
stone
stone
stone
stone
stone
stone
stone
stone
stone
stone
stone
stone
stone
stone
stone
stone
stone
stone
stone
stone
stone
stone
stone
stone
stone
stone
stone
stone
stone
stone
stone
stone
stone
stone
wall
.dark part of a room
^hole
^hole
^hole
^hole
^hole
^hole
^hole
.dark part of a room
.dark part of a room
.dark part of a room
.dark part of a room
.dark part of a room
.dark part of a room
.dark part of a room
.dark part of a room
.dark part of a room
.dark part of a room
.dark part of a room
.dark part of a room
.dark part of a room
.dark part of a room
wall
.dark part of a room
.dark part of a room
.dark part of a room
.dark part of a room
wall
stone
stone
stone
stone
stone
stone
stone
stone
stone
stone
stone
stone
stone
stone
stone
stone
stone
stone
stone
stone
stone
stone
stone
stone
stone
stone
stone
stone
stone
stone
stone
stone
stone
stone
stone
stone
stone
stone
stone
stone
stone
stone
stone
stone
stone
stone
stone
stone
stone
stone
wall
wall
wall
wall
wall
wall
wall
wall
wall
wall
wall
wall
wall
wall
wall
wall
wall
wall
wall
wall
wall
wall
wall
wall
wall
wall
wall
wall
wall
stone
stone
stone
stone
stone
stone
stone
stone
stone
stone
stone
stone
stone
stone
stone
stone
stone
stone
stone
stone
stone
stone
stone
stone
stone
stone
stone
stone
stone
stone
stone
stone
stone
stone
stone
stone
stone
stone
stone
stone
stone
stone
stone
stone
stone
stone
stone
stone
stone
stone
stone
stone
stone
stone
stone
stone
stone
stone
stone
stone
stone
stone
stone
stone
stone
stone
stone
stone
stone
stone
stone
stone
stone
stone
stone
stone
stone
stone
stone
stone
stone
stone
stone
stone
stone
stone
stone
stone
stone
stone
stone
stone
stone
stone
stone
stone
stone
stone
stone
stone
stone
stone
stone
stone
stone
stone
stone
stone
stone
stone
stone
stone
stone
stone
stone
stone
stone
stone
stone
stone
stone
stone
stone
stone
stone
stone
stone
stone
stone
stone
stone
stone
stone
stone
stone
stone
stone
stone
stone
stone
stone
stone
stone
stone
stone
stone
stone
stone
stone
stone
stone
stone
stone
stone
stone
stone
stone
stone
stone
stone
stone
stone
stone
stone
stone
stone
stone
stone
stone
stone
stone
stone
stone
stone
stone
stone
stone
stone
stone
stone
stone
stone
stone
stone
stone
stone
stone
stone
stone
stone
stone
stone
stone
stone
stone
stone
stone
stone
stone
stone
stone
stone
stone
stone
stone
stone
stone
stone
stone
stone
stone
stone
stone
stone
stone
stone
stone
stone
stone
stone
stone
stone
stone
stone
stone
stone
stone
stone
stone
stone
stone
stone
stone
stone
stone
stone
stone
stone
stone
stone
stone
stone
stone
stone
stone
stone
stone
stone
stone
stone
stone
stone
stone
stone
stone
stone
stone
stone
stone
stone
stone
stone
stone
stone
stone
stone
stone
stone
stone
stone
stone
stone
stone
stone
stone
stone
stone
stone
stone
stone
stone
stone
stone
stone
stone
stone
stone
stone
stone
stone
stone
stone
stone
stone
stone
stone
stone
stone
stone
stone
stone
stone
stone
stone
stone
stone
stone
stone
stone
stone
stone
stone
stone
stone
stone
stone
stone
stone
stone
stone
stone
stone
stone
stone
stone
stone
stone
stone
stone
stone
stone
stone
stone
stone
stone
stone
stone
stone
stone
stone
stone
stone
[Rustyspoon the Embalmer ] St:13 Dx:11 Co:16 In:12 Wi:17 Ch:16 Neutral Dlvl:5 $:50 HP:0(71) Pw:12(60) AC:-1 Xp:7 T:6905

Latest messages:

The black unicorn misses!
What do you want to use or apply? [be-giklrtvxyMUW or ?*]
In what direction?
Status of the black unicorn (chaotic): Level 5 HP 14(19) AC 2.
What do you want to zap? [gryUW or ?*]
In what direction?
The sleep ray hits the black unicorn.
The sleep ray bounces!
The sleep ray misses the black unicorn.
The sleep ray hits you!
The sleep ray hits the dog.
The yellow light explodes!
You seem unaffected by it.
The black unicorn misses!
The black unicorn kicks!
The black unicorn misses!
The black unicorn kicks!
The combat suddenly awakens you.
What do you want to zap? [gryUW or ?*]
In what direction?
The sleep ray hits the black unicorn.
The sleep ray bounces!
The sleep ray hits the black unicorn.
The sleep ray hits you!
The black unicorn misses!
The black unicorn kicks!
The black unicorn butts!
The black unicorn misses!
The black unicorn butts!
The black unicorn kicks!
The black unicorn butts!
The black unicorn kicks!
The black unicorn butts!
The black unicorn kicks!
The black unicorn butts!
The black unicorn kicks!
The black unicorn butts!
The black unicorn misses!
The black unicorn butts!
The black unicorn kicks!
The black unicorn butts!
The black unicorn kicks!
The black unicorn butts!
The black unicorn just misses!
The black unicorn butts!
The black unicorn misses!
The combat suddenly awakens you.
The black unicorn butts!
You die...
Do you want your possessions identified? [ynq] (y)

Inventory:

Coins

$ - 50 gold pieces

Weapons

a - an uncursed +0 scalpel (weapon in hand)

Armor

B - a blessed +1 leather armor (being worn)
C - an uncursed +0 dwarvish cloak (being worn)
D - an uncursed +0 pair of jumping boots (being worn)
E - an uncursed +1 pair of leather gloves (being worn)
F - an uncursed +0 orcish helm (being worn)

Comestibles

L - an uncursed lizard corpse named KFC

Rings

R - a blessed +1 ring of gain constitution (on right hand)

Wands

g - an uncursed wand of sleep (0:2)
r - an uncursed wand of striking (0:6)
y - an uncursed wand of digging (0:6)
U - an uncursed wand of digging (0:5)
W - an uncursed wand of striking (0:8)

Tools

b - a blessed greased bag of holding containing 40 items
e - an uncursed stethoscope
f - an uncursed magic whistle
i - an uncursed mirror
k - an uncursed skeleton key
l - an uncursed towel
t - an uncursed blindfold
v - an uncursed oil lamp
M - a cursed frost horn (0:8)

Gems/Stones

x - an uncursed luckstone

Contents of the bag of holding:

266 gold pieces
an uncursed +0 dwarvish cloak
an uncursed +0 dwarvish cloak
an uncursed +0 mummy wrapping
2 uncursed food rations
an uncursed scroll of light
a blessed scroll of magic mapping
an uncursed scroll of blank paper
an uncursed scroll of teleportation
a blessed scroll of destroy armor
an uncursed scroll of charging
a blessed scroll of enchant weapon
an uncursed scroll of earth
2 uncursed scrolls of earth
an uncursed scroll of identify
an uncursed spellbook of identify named !c
an uncursed spellbook of cure blindness
a blessed spellbook of extra healing
a blessed spellbook of healing
a blessed spellbook of stone to flesh
an uncursed potion of gain ability
an uncursed potion of gain ability
an uncursed potion of extra healing
a cursed ring of slow digestion named cursed
an uncursed wand of make invisible (0:4)
an empty uncursed sack named cancellation
an uncursed can of grease (0:21)
an uncursed magic marker (0:93)
a blessed oil lamp
an uncursed +0 pick-axe
2 uncursed topaz stones
an uncursed worthless piece of black glass
an uncursed worthless piece of black glass
a cursed jet stone
an uncursed worthless piece of blue glass
3 uncursed worthless pieces of orange glass
an uncursed worthless piece of violet glass
an uncursed amethyst stone
an uncursed worthless piece of white glass
an uncursed worthless piece of yellowish brown glass

Rustyspoon the Healer's attributes:


Background:

You were an Embalmer, a level 7 female gnomish Healer.
You were neutral, on a mission for Hermes
who was opposed by Athena (lawful) and Poseidon (chaotic).
You were in Sokoban, on level 5.
You entered the dungeon 6905 turns ago.
You had 715 experience points, 565 more were needed to attain level 8.

Basics:

You had 0 out of 71 hit points.
You had 12 out of 60 energy points (spell power).
Your armor class was -1.
Your wallet contained 50 zorkmids.
Autopickup was on for '$!?/"=' plus thrown, with exceptions.

Final Characteristics:

Your strength was 13 (limit:18/50).
Your dexterity was 11 (limit:18).
Your constitution was 16 (base:15, limit:18).
Your intelligence was 12 (limit:19).
Your wisdom was 17 (limit:18).
Your charisma was 16 (limit:18).

Final Status:

You were not hungry.
You were unencumbered.
You were wielding a knife.
You were skilled in knife.

Final Attributes:

You were piously aligned.
You were poison resistant.
You were telepathic.
You had infravision.
You were invisible.
You could jump.
You had a small defense bonus (+4).
You were warded.
You were lucky.
You had extra luck.
Bad luck did not time out for you.
Good luck did not time out for you.
You are dead.

Miscellaneous:
You never encountered a bones level.
Total elapsed playing time was 50 minutes and 20 seconds.

Major events:

Turn

1: rustyspoon the neutral female gnomish Healer entered the dungeon
1448: entered the Gnomish Mines
3124: reached Mine Town
3368: attained the rank of Empiric (level 3)
5385: entered Sokoban
5514: attained the rank of Embalmer (level 6)
6122: completed 1st Sokoban level
6905: killed by a black unicorn

Vanquished creatures:

a small mimic
a warhorse
a leather golem
a winter wolf cub
a panther
an iron piercer
a black light
a gnome ruler
3 ogres
a brown pudding
an owlbear
a lizard
a dingo
a gnome mummy
7 fire ants
7 bugbears
a water nymph
an orc shaman
a rock piercer
a pony
a yellow light
a gnome leader
a straw golem
2 floating eyes
6 dwarves
a homunculus
4 kobold leaders
4 giant bats
2 orc zombies
a dwarf zombie
8 iguanas
8 killer bees
3 coyotes
2 gas spores
2 hobbits
2 manes
a large kobold
9 hobgoblins
7 giant rats
4 cave spiders
a yellow mold
8 gnomes
3 gnome zombies
9 geckos
4 jackals
2 foxes
3 kobolds
3 goblins
2 sewer rats
14 grid bugs
7 lichens
2 kobold zombies
9 newts
170 creatures vanquished.
No species were genocided or became extinct.

Voluntary challenges:

You read items or engraved 5 times.
You engraved Elbereth 4 times.
You never genocided any monsters.
You never polymorphed an object.
You never changed form.
You used no wishes.
You did not violate any of the special Sokoban rules.

Achievements:

You entered the Gnomish Mines.
You entered a shop.
You entered Minetown.
You entered a temple.
You attained the rank of Empiric.
You entered Sokoban.
You attained the rank of Embalmer.

The Dungeons of Doom: levels 1 to 8

   Level 1: "fake bones"
Level 2: "gems and longsword >"
Level 3:
Some fountains.
Level 4:
A shop.
Stairs down to The Gnomish Mines.
Level 5:
An altar to Hermes, a fountain.
Level 6:
Many fountains.
Oracle of Delphi.
Level 7:
Stairs up to Sokoban, level 6.
Level 8:

The Gnomish Mines: levels 5 to 7

   Level 5:
Level 6:
Level 7:
Many shops, a temple, a fountain.

Sokoban: levels 6 up to 5

   Level 5: <- You were here.
Unsolved.
Final resting place for
you, killed by a black unicorn.
Level 6:
Solved.

Game over:

----------
/ \
/ REST \
/ IN \
/ PEACE \
/ \
| rustyspoon |
| 316 Au |
| killed by a |
| black unicorn |
| |
| |
| 2022 |
*| * * * | *
_________)/\\_//(\/(/\)/\//\/|_)_______

Goodbye rustyspoon the Healer...


You died in Sokoban on dungeon level 5 with 3220 points,
and 316 pieces of gold, after 6905 moves.
You were level 7 with a maximum of 71 hit points when you died.